Workbook

Sheet QE e fonti finanziamento
C4: BANDO SOCIAL HOUSING 2023 APPROVATO CON DELIBERA N. 2127 DEL 4/12/2023
C5: QUADRO ECONOMICO E FONTI DI FINANZIAMENTO
C7: DATI DI PROGETTO
C8: numero alloggi ERS oggetto di contributo | D8: 0 | E8: numero | G8: FONTI DI FINANZIAMENTO
C9: sup. commerciale totale alloggi ERS oggetto di contributo | D9: 0 | E9: mq | G9: Risorse proprie | H9: Altre fonti di finanziamento | I9: Mutui/prestiti | J9: Contributo RER | K9: TOTALE
C10: numero alloggi NON ERS | D10: 0 | E10: numero | G10: 0 | H10: 0 | I10: 0 | J10: 0 | K10: =SUM(G10:J10) -> 0
C11: sup. commerciale totale alloggi NON ERS | D11: 0 | E11: mq | G11: =+G10/K10 -> #DIV/0! | H11: =+H10/K10 -> #DIV/0! | I11: =+I10/K10 -> #DIV/0! | J11: =+J10/K10 -> #DIV/0! | K11: =SUM(G11:J11) -> #DIV/0!
C12: sup. commerciale parti comuni | D12: 0 | E12: mq
C13: sup. commerciale spazi per servizi rivolti agli abitanti e all’abitare | D13: 0 | E13: mq
C14: TOTALE SUP. COMMERCIALE | D14: =+D9+D11+D12+D13 -> 0 | E14: mq
C15: TOTALE ALLOGGI ERS E NON ERS | D15: =+D8+D10 -> 0 | E15: numero
C17: INVESTIMENTO | D17: totale
B18: 1 | C18: costo acquisto terreno/immobile | D18: 0
B19: 2 | C19: costo di costruzione | D19: 0
B20: 3 | C20: spese tecniche e generali | D20: 0
B21: 4 | C21: progetto di gestione | D21: 0
B22: 5 | C22: oneri di urb U1 e U2 | D22: 0
B23: 6 | C23: allacciamenti | D23: 0
B24: 7 | C24: acquisizione e allestimento di arredi, attrezzature, macchinari per le parti comuni e per gli spazi per servizi agli abitanti e all'abitare | D24: 0
C25: RICAVI
B26: 8 | C26: entrate da canoni (locazione concordata/calmierata) | D26: 0
B27: 9 | C27: entrate da canoni (mercato libero) | D27: 0
B28: 10 | C28: contributo 1 - RER | D28: 0
B29: 11 | C29: contributo 2 - RER | D29: 0
B30: 12 | C30: altre forme di contributo a fondo perduto | D30: 0
B31: 13 | C31: entrate da vendita | D31: 0
C32: COSTI GESTIONE DIRETTI
B33: 14 | C33: manutenzione ordinaria programmata | D33: 0
B34: 15 | C34: manutenzione straordinaria | D34: 0
C35: COSTI GESTIONE INDIRETTI
B36: 16 | C36: spese gestionali e amministrative | D36: 0
B37: 17 | C37: morosità | D37: 0
B38: 18 | C38: imposte e tasse | D38: 0
B39: 19 | C39: oneri finanziari | D39: 0
B40: 20 | C40: rimborso capitale | D40: 0

Sheet PEF
I3: 1 | J3: 2 | K3: 3 | L3: 4 | M3: 5 | N3: 6 | O3: 7 | P3: 8 | Q3: 9 | R3: 10 | S3: 11 | T3: 12 | U3: 13 | V3: 14 | W3: 15 | X3: 16 | Y3: 17 | Z3: 18 | AA3: 19 | AB3: 20 | AC3: 21 | AD3: 22 | AE3: 23 | AF3: 24 | AG3: 25 | AH3: 26
B4: BANDO SOCIAL HOUSING 2023 APPROVATO CON DELIBERA N. 2127 DEL 4/12/2023 - PIANO ECONOMICO FINANZIARIO | E4: INVESTIMENTO | I4: GESTIONE
E5: indicare anno | F5: indicare anno | G5: indicare anno | H5: indicare anno | I5: indicare anno | J5: indicare anno | K5: indicare anno | L5: indicare anno | M5: indicare anno | N5: indicare anno | O5: indicare anno | P5: indicare anno | Q5: indicare anno | R5: indicare anno | S5: indicare anno | T5: indicare anno | U5: indicare anno | V5: indicare anno | W5: indicare anno | X5: indicare anno | Y5: indicare anno | Z5: indicare anno | AA5: indicare anno | AB5: indicare anno | AC5: indicare anno | AD5: indicare anno | AE5: indicare anno | AF5: indicare anno | AG5: indicare anno | AH5: indicare anno
C6: =+'QE e fonti finanziamento'!C17 -> INVESTIMENTO | D6: IMP. TOTALE | E6: =SUM(E7:E13) -> 0 | F6: =SUM(F7:F13) -> 0 | G6: =SUM(G7:G13) -> 0 | H6: =SUM(H7:H13) -> 0 | I6: =SUM(I7:I12) -> 0 | J6: =SUM(J7:J12) -> 0 | K6: =SUM(K7:K12) -> 0 | L6: =SUM(L7:L12) -> 0 | M6: =SUM(M7:M12) -> 0 | N6: =SUM(N7:N12) -> 0 | O6: =SUM(O7:O12) -> 0 | P6: =SUM(P7:P12) -> 0 | ... AH6: =SUM(AH7:AH12) -> 0 | AJ6: =SUM(E6:AH6) -> 0
B7: 1 | C7: =+'QE e fonti finanziamento'!C18 -> costo acquisto terreno/immobile | D7: =+'QE e fonti finanziamento'!D18 -> 0 | AI7: =+'QE e fonti finanziamento'!D18 -> 0 | AJ7: =SUM(E7:AH7) -> 0 | AK7: =+AI7-AJ7 -> 0
B8: 2 | C8: =+'QE e fonti finanziamento'!C19 -> costo di costruzione | D8: =+'QE e fonti finanziamento'!D19 -> 0 | AI8: =+'QE e fonti finanziamento'!D19 -> 0 | AJ8: =SUM(E8:AH8) -> 0 | AK8: =+AI8-AJ8 -> 0
B9: 3 | C9: =+'QE e fonti finanziamento'!C20 -> spese tecniche e generali | D9: =+'QE e fonti finanziamento'!D20 -> 0 | AI9: =+'QE e fonti finanziamento'!D20 -> 0 | AJ9: =SUM(E9:AH9) -> 0 | AK9: =+AI9-AJ9 -> 0
B10: 4 | C10: =+'QE e fonti finanziamento'!C21 -> progetto di gestione | D10: =+'QE e fonti finanziamento'!D21 -> 0 | AI10: =+'QE e fonti finanziamento'!D21 -> 0 | AJ10: =SUM(E10:AH10) -> 0 | AK10: =+AI10-AJ10 -> 0
B11: 5 | C11: =+'QE e fonti finanziamento'!C22 -> oneri di urb U1 e U2 | D11: =+'QE e fonti finanziamento'!D22 -> 0 | AI11: =+'QE e fonti finanziamento'!D22 -> 0 | AJ11: =SUM(E11:AH11) -> 0 | AK11: =+AI11-AJ11 -> 0
B12: 6 | C12: =+'QE e fonti finanziamento'!C23 -> allacciamenti | D12: =+'QE e fonti finanziamento'!D23 -> 0 | AI12: =+'QE e fonti finanziamento'!D23 -> 0 | AJ12: =SUM(E12:AH12) -> 0 | AK12: =+AI12-AJ12 -> 0
B13: 7 | C13: =+'QE e fonti finanziamento'!C24 -> acquisizione e allestimento di arredi, attrezzature, macchinari per le parti comuni e per gli spazi per servizi agli abitanti e all'abitare | D13: =+'QE e fonti finanziamento'!D24 -> 0
C14: =+'QE e fonti finanziamento'!C25 -> RICAVI | E14: =SUM(E15:E20) -> 0 | F14: =SUM(F15:F20) -> 0 | G14: =SUM(G15:G20) -> 0 | H14: =SUM(H15:H20) -> 0 | I14: =SUM(I15:I20) -> 0 | J14: =SUM(J15:J20) -> 0 | K14: =SUM(K15:K20) -> 0 | L14: =SUM(L15:L20) -> 0 | ... AH14: =SUM(AH15:AH20) -> 0 | AJ14: =SUM(E14:AH14) -> 0
B15: 8 | C15: =+'QE e fonti finanziamento'!C26 -> entrate da canoni (locazione concordata/calmierata) | D15: =+'QE e fonti finanziamento'!D26 -> 0 | AI15: =+'QE e fonti finanziamento'!D26 -> 0 | AJ15: =SUM(E15:AH15) -> 0 | AK15: =+AI15-AJ15 -> 0
B16: 9 | C16: =+'QE e fonti finanziamento'!C27 -> entrate da canoni (mercato libero) | D16: =+'QE e fonti finanziamento'!D27 -> 0 | AI16: =+'QE e fonti finanziamento'!D27 -> 0 | AJ16: =SUM(E16:AH16) -> 0 | AK16: =+AI16-AJ16 -> 0
B17: 10 | C17: =+'QE e fonti finanziamento'!C28 -> contributo 1 - RER | D17: =+'QE e fonti finanziamento'!D28 -> 0 | AI17: =+'QE e fonti finanziamento'!D28 -> 0 | AJ17: =SUM(E17:AH17) -> 0 | AK17: =+AI17-AJ17 -> 0
B18: 11 | C18: =+'QE e fonti finanziamento'!C29 -> contributo 2 - RER | D18: =+'QE e fonti finanziamento'!D29 -> 0 | AI18: =+'QE e fonti finanziamento'!D29 -> 0 | AJ18: =SUM(E18:AH18) -> 0 | AK18: =+AI18-AJ18 -> 0
B19: 12 | C19: =+'QE e fonti finanziamento'!C30 -> altre forme di contributo a fondo perduto | D19: =+'QE e fonti finanziamento'!D30 -> 0 | AI19: =+'QE e fonti finanziamento'!D30 -> 0 | AJ19: =SUM(E19:AH19) -> 0 | AK19: =+AI19-AJ19 -> 0
B20: 13 | C20: =+'QE e fonti finanziamento'!C31 -> entrate da vendita | D20: =+'QE e fonti finanziamento'!D31 -> 0 | AI20: =+'QE e fonti finanziamento'!D31 -> 0 | AJ20: =SUM(E20:AH20) -> 0 | AK20: =+AI20-AJ20 -> 0
C21: =+'QE e fonti finanziamento'!C32 -> COSTI GESTIONE DIRETTI | E21: =SUM(E22:E23) -> 0 | F21: =SUM(F22:F23) -> 0 | G21: =SUM(G22:G23) -> 0 | H21: =SUM(H22:H23) -> 0 | I21: =SUM(I22:I23) -> 0 | J21: =SUM(J22:J23) -> 0 | K21: =SUM(K22:K23) -> 0 | L21: =SUM(L22:L23) -> 0 | ... AH21: =SUM(AH22:AH23) -> 0 | AJ21: =SUM(E21:AH21) -> 0
B22: 14 | C22: =+'QE e fonti finanziamento'!C33 -> manutenzione ordinaria programmata | D22: =+'QE e fonti finanziamento'!D33 -> 0 | AI22: =+'QE e fonti finanziamento'!D33 -> 0 | AJ22: =SUM(E22:AH22) -> 0 | AK22: =+AI22-AJ22 -> 0
B23: 15 | C23: =+'QE e fonti finanziamento'!C34 -> manutenzione straordinaria | D23: =+'QE e fonti finanziamento'!D34 -> 0 | AI23: =+'QE e fonti finanziamento'!D34 -> 0 | AJ23: =SUM(E23:AH23) -> 0 | AK23: =+AI23-AJ23 -> 0
C24: =+'QE e fonti finanziamento'!C35 -> COSTI GESTIONE INDIRETTI | E24: =SUM(E25:E29) -> 0 | F24: =SUM(F25:F29) -> 0 | G24: =SUM(G25:G29) -> 0 | H24: =SUM(H25:H29) -> 0 | I24: =SUM(I25:I29) -> 0 | J24: =SUM(J25:J29) -> 0 | K24: =SUM(K25:K29) -> 0 | L24: =SUM(L25:L29) -> 0 | ... AH24: =SUM(AH25:AH29) -> 0 | AJ24: =SUM(E24:AH24) -> 0
B25: 16 | C25: =+'QE e fonti finanziamento'!C36 -> spese gestionali e amministrative | D25: =+'QE e fonti finanziamento'!D36 -> 0 | AI25: =+'QE e fonti finanziamento'!D36 -> 0 | AJ25: =SUM(E25:AH25) -> 0 | AK25: =+AI25-AJ25 -> 0
B26: 17 | C26: =+'QE e fonti finanziamento'!C37 -> morosità | D26: =+'QE e fonti finanziamento'!D37 -> 0 | AI26: =+'QE e fonti finanziamento'!D37 -> 0 | AJ26: =SUM(E26:AH26) -> 0 | AK26: =+AI26-AJ26 -> 0
B27: 18 | C27: =+'QE e fonti finanziamento'!C38 -> imposte e tasse | D27: =+'QE e fonti finanziamento'!D38 -> 0 | AI27: =+'QE e fonti finanziamento'!D38 -> 0 | AJ27: =SUM(E27:AH27) -> 0 | AK27: =+AI27-AJ27 -> 0
B28: 19 | C28: =+'QE e fonti finanziamento'!C39 -> oneri finanziari | D28: =+'QE e fonti finanziamento'!D39 -> 0 | AI28: =+'QE e fonti finanziamento'!D39 -> 0 | AJ28: =SUM(E28:AH28) -> 0 | AK28: =+AI28-AJ28 -> 0
B29: 20 | C29: =+'QE e fonti finanziamento'!C40 -> rimborso capitale | D29: =+'QE e fonti finanziamento'!D40 -> 0 | AI29: =+'QE e fonti finanziamento'!D40 -> 0 | AJ29: =SUM(E29:AH29) -> 0 | AK29: =+AI29-AJ29 -> 0
C30: FLUSSI DI CASSA | E30: =+E24+E21+E14+E6 -> 0 | F30: =+F24+F21+F14+F6 -> 0 | G30: =+G24+G21+G14+G6 -> 0 | H30: =+H24+H21+H14+H6 -> 0 | I30: =+I24+I21+I14+I6 -> 0 | J30: =+J24+J21+J14+J6 -> 0 | K30: =+K24+K21+K14+K6 -> 0 | L30: =+L24+L21+L14+L6 -> 0 | ... AH30: =+AH24+AH21+AH14+AH6 -> 0
